 Dungeon Crawl Stone Soup version 0.22-a0-162-g33bf1272b0 (webtiles) character file.

791 RedPan the Chopper (level 8, -4/58 HPs)
             Began as a Formicid Abyssal Knight on Feb 12, 2018.
             Was a Priest of Lugonu.
             Killed from afar by an orc wizard (10 damage)
             ... with a magic dart
             ... on level 6 of the Dungeon.
             The game lasted 00:11:11 (4471 turns).

RedPan the Chopper (Formicid Abyssal Knight)        Turns: 4471, Time: 00:11:11

Health: -4/58      AC: 11    Str: 20    XL:     8   Next: 12%
Magic:  12/12      EV: 25    Int: 11    God:    Lugonu [***...]
Gold:   267        SH:  0    Dex: 10    Spells: 7/7 levels left

rFire    . . .     SeeInvis +   x - +1 hand axe (elec)
rCold    . . .     Gourm    .   (no shield)
rNeg     . . .     Faith    .   k - +2 ring mail {rPois}
rPois    +         Spirit   .   (helmet unavailable)
rElec    .         Reflect  .   l - +0 cloak
rCorr    .         Harm     .   s - +0 pair of gloves
MR       .....                  (no boots)
Stlth    ..........             h - amulet of the acrobat
HPRegen  0.19/turn              b - ring of flight
MPRegen  0.13/turn              o - +2 ring of protection

@: no status effects
A: permanent stasis, dig shafts and tunnels, four strong arms, antennae 3
a: Dig, Shaft Self, Depart the Abyss, Bend Space, Banish, Renounce Religion,
Evoke Flight


You were on level 6 of the Dungeon.
You worshipped Lugonu.
Lugonu was most pleased with you.
You were hungry.

You visited 1 branch of the dungeon, and saw 6 of its levels.
You visited the Abyss 1 time.

You collected 267 gold pieces.

Inventory:

Hand Weapons
 w - a +2 hand axe of chopping
 x - a +1 hand axe of electrocution (weapon)
Armour
 k - a +2 ring mail of poison resistance (worn)
 l - a +0 cloak (worn)
 s - a +0 pair of gloves (worn)
Jewellery
 b - a ring of flight (left hand)
 h - an amulet of the acrobat (around neck)
 o - a +2 ring of protection (right hand)
 v - a +4 ring of intelligence {unknown}
 y - a cursed ring of loudness {unknown}
Scrolls
 e - a scroll of fog
 f - 10 scrolls of remove curse
 j - 2 scrolls of teleportation
 n - a scroll of enchant weapon
 t - a scroll of fear
Potions
 a - a potion of resistance {unknown}
 d - a potion of magic
 g - a potion of brilliance
 i - 2 potions of curing
 m - a potion of might {unknown}
 q - a potion of agility {unknown}
 r - 3 potions of invisibility {unknown}
 u - a potion of mutation {unknown}
Comestibles
 c - 5 rations


   Skills:
 - Level 3.2 Fighting
 + Level 7.0 Axes
 - Level 2.1 Armour
 - Level 0.8 Dodging
 + Level 6.5 Invocations


You had 7 spell levels left.
You didn't know any spells.

Dungeon Overview and Level Annotations

Branches:
Dungeon (6/15)
 Temple: D:4-7

Altars:
Ashenzari
Cheibriados
Hepliaklqana
Kikubaaqudgha
Nemelex Xobeh
Wu Jian


Innate Abilities, Weirdness & Mutations

You cannot be hasted, slowed, berserked, paralysed or teleported.
You can dig through walls and to a lower floor.
Your four strong arms can wield two-handed weapons with a shield.
You have a pair of large antennae on your head. (SInv)


Message History

You kill the ogre!
Lugonu accepts your kill.
Your Axes skill increases to level 7!
The orc wizard drinks a potion.
The orc wizard is healed!
You closely miss the orc wizard.
The orc wizard is heavily wounded.
The orc wizard closely misses you.
You hit the orc wizard.
The orc wizard is almost dead.
The orc wizard mumbles some strange words.
The orc wizard blinks!
The orc wizard points at you and mumbles some strange words.
You easily resist.
The orc wizard points at you and mumbles some strange words.
The magic dart hits you!
* * * LOW HITPOINT WARNING * * *
The orc wizard is no longer moving quickly.
The orc wizard points at you and mumbles some strange words.
The magic dart hits you!
You die...

#{ ##.
#.. #..#
#.#...
#.....##
#...@#
#=.)##
#..o
#...
#...
#...
#...
#...


You could see an orc wizard.

Vanquished Creatures
  2 ogres
  A scorpion (D:4)
  3 howler monkeys
  3 hounds
  A gnoll shaman (D:5)
  A jelly (D:5)
  A bullfrog skeleton (D:4)
  Terence (D:2)
  An orc wizard (D:4)
  2 worker ants (D:4)
  Robin (D:2)
  3 gnolls (D:5)
  4 adders
  2 oozes (D:3)
  3 worms (D:2)
  2 dart slugs
  2 leopard geckos (D:4)
  11 orcs
  7 bats
  2 giant cockroaches
  16 goblins
  7 hobgoblins
  2 jackals (D:1)
  9 kobolds
  2 quokkas
  2 ball pythons
  3 frilled lizards
  A leopard gecko skeleton (D:4)
  10 rats
105 creatures vanquished.

Notes
Turn   | Place    | Note
-------+----------+-------------------------------------------
     0 | Abyss:1  | RedPan the Formicid Abyssal Knight began the quest for the Orb.
     0 | Abyss:1  | Reached XP level 1. HP: 18/18 MP: 2/2
    58 | Abyss:2  | Noticed a wizard
    92 | Abyss:2  | Noticed a smoke demon
   113 | Abyss:2  | Noticed a starcursed mass
   131 | Abyss:2  | Noticed a vampire
   133 | D:1      | Escaped the Abyss
   316 | D:1      | Reached * piety under Lugonu
   316 | D:1      | Reached XP level 2. HP: 16/24 MP: 3/3
   677 | D:1      | Reached skill level 3 in Axes
   863 | D:1      | Reached XP level 3. HP: 27/29 MP: 4/4
  1144 | D:2      | Found an ancient bone altar of Kikubaaqudgha.
  1590 | D:2      | Noticed Terence
  1595 | D:2      | Killed Terence
  1595 | D:2      | Reached skill level 4 in Axes
  1595 | D:2      | Reached XP level 4. HP: 25/35 MP: 5/5
  1781 | D:2      | Noticed Robin
  1789 | D:2      | Killed Robin
  1935 | D:2      | Found a shattered altar of Ashenzari.
  2045 | D:2      | Found a sparkling altar of Nemelex Xobeh.
  2186 | D:2      | Reached ** piety under Lugonu
  2369 | D:2      | Found a hazy altar of Hepliaklqana.
  2516 | D:3      | Reached XP level 5. HP: 41/41 MP: 6/6
  2545 | D:3      | Found a snail-covered altar of Cheibriados.
  2922 | D:3      | Reached skill level 5 in Axes
  3167 | D:4      | Reached XP level 6. HP: 41/47 MP: 8/8
  3267 | D:4      | Found an ornate altar of the Wu Jian Council.
  3804 | D:4      | Reached *** piety under Lugonu
  3804 | D:4      | Reached XP level 7. HP: 48/52 MP: 10/10
  3940 | D:4      | Reached skill level 6 in Axes
  3940 | D:4      | Reached skill level 5 in Invocations
  4123 | D:5      | Entered Level 5 of the Dungeon
  4440 | D:5      | Reached XP level 8. HP: 29/58 MP: 12/12
  4465 | D:6      | Reached skill level 7 in Axes
  4471 | D:6      | Killed from afar by an orc wizard

Vault maps used:
D:1:      dpeg_arrival_orchard
D:2:      marbit_many_paths, nicolae_overflow_hidden_temple, old_standard_altar,
          nemelex_xobeh_ov_fountains_minmay, uniq_robin, uniq_terence
D:3:      lemuel_crystal_altar, minmay_surrounded
D:4:      minmay_door_path, lemuel_round_altar, first_ration, st_stairs_8
D:5:      kennysheep_mini, led_sif_book, overflow_temple_1_default,
          minmay_temple_entry_steel_oval, minmay_misc_feat_hallway
D:6:      serial_shops, kennysheep_mini_moat

Skill      XL: |  1  2  3  4  5  6  7  8 |
---------------+-------------------------+-----
Axes           | 3 4 5 6 7 |  7.0
Invocations    | 3 4 6 |  6.5
Fighting       | |  3.2
Armour         | |  2.1
Dodging        | |  0.8

Action                   |  1- 3 |  4- 6 |  7- 9 || total
-------------------------+-------+-------+-------++-------
Melee: Hand axe          |    81 |   245 |    82 ||   408
Invok: Depart the Abyss  |     1 |       |       ||     1
       Bend Space        |       |       |     1 ||     1
  Use: Scroll            |       |    10 |     1 ||    11
       Potion            |       |       |     1 ||     1
  Eat: Chunk             |     2 |     8 |     1 ||    11
Armor: Leather armour    |     5 |       |       ||     5
       Ring mail         |    19 |   101 |    27 ||   147
Dodge: Dodged            |    57 |   120 |    54 ||   231

Table legend:
 A = Spawn XP
 B = Non-spawn XP
 C = Spawn XP percentage of total XP
 D = Spawn monster count
 E = Non-spawn monster count
 F = Spawn count percentage of total count
 G = Total turns spent on level
                    A         B        C        D         E        F      G
               +---------+---------+-------+---------+---------+-------+---------
         Total |       0 |    1131 |   0.0 |       0 |     105 |   0.0 |  4471
               +---------+---------+-------+---------+---------+-------+---------
           D:1 |       0 |      31 |   0.0 |       0 |      18 |   0.0 |  1006
           D:2 |       0 |     104 |   0.0 |       0 |      27 |   0.0 |  1340
           D:3 |       0 |     114 |   0.0 |       0 |      23 |   0.0 |   677
           D:4 |       0 |     568 |   0.0 |       0 |      28 |   0.0 |   967
           D:5 |       0 |     192 |   0.0 |       0 |       8 |   0.0 |   330
           D:6 |       0 |     122 |   0.0 |       0 |       1 |   0.0 |    18
               +---------+---------+-------+---------+---------+-------+---------
